Map: [G8] Dragon Scales

Players

Maru

  • Race: Terran Terran
  • Spawn Location: 11:00

Clem - Winner!

  • Race: Terran Terran
  • Spawn Location: 5:00

Event: Gamers8 2023

VOD

Have the link to the VOD?

Description

Time

  • Played on: Aug. 5, 2023, 10:54 a.m.
  • Length: 12:24

All games in this series

Show
View Real Time Build Order
Export as new Build Order

Maru Terran 

Build Orders:  

Get SALT Encoding   

  12  0:00  SCV  
  13  0:12  SCV  
  14  0:16  Supply Depot  
  14  0:24  SCV  
  15  0:38  SCV  
  15  0:41  Barracks  
  16  0:43  Refinery  
  16  0:50  SCV  
  16  0:53  Refinery  
  17  1:02  SCV  
  18  1:14  SCV  
  19  1:28  Reaper, Orbital Command  
  20  1:33  Supply Depot  
  20  1:40  Factory  
  20  1:53  SCV  
  21  2:01  Barracks Reactor  
  21  2:05  SCV  
  22  2:17  Command Center, SCV  
  23  2:24  Hellion  
  23  2:29  SCV  
  26  2:33  Supply Depot  
  26  2:37  Reaper x2  
  26  2:41  SCV  
  29  2:46  Hellion  
  31  2:55  Starport, SCV  
  32  3:07  SCV  
  32  3:08  Factory Tech Lab  
  32  3:09  Marine x2  
  35  3:21  SCV  
  39  3:28  Orbital Command  
  39  3:33  Medivac  
  40  3:34  Siege Tank  
  40  3:35  Marine x2  
  40  3:37  SCV  
  42  3:53  Marine x2  
  42  3:54  SCV x2  
  46  3:58  Supply Depot  
  46  4:06  SCV x2  
  44  4:10  Cyclone  
  43  4:18  SCV x2  
  45  4:28  Starport Tech Lab  
  45  4:30  SCV x2  
  47  4:37  Marine  
  47  4:38  Marine  
  49  4:42  Refinery, SCV x2  
  49  4:43  Siege Tank  
  54  4:46  Supply Depot  
  54  4:48  Raven  
  56  4:54  SCV x2  
  58  5:06  SCV  
  58  5:07  Marine x2, SCV, Supply Depot  
  59  5:18  SCV  
  59  5:19  SCV  
  57  5:24  Siege Tank  
  60  5:30  Raven  
  60  5:31  SCV x2  
  60  5:35  Command Center  
  64  5:43  SCV x2  
  64  5:47  Refinery  
  64  5:55  SCV x2  
  66  6:03  Barracks x2  
  66  6:06  Siege Tank  
  66  6:07  SCV x2  
  66  6:10  Supply Depot  
  71  6:14  Viking  
  71  6:17  Viking  
  75  6:19  SCV x2  
  75  6:24  Marine  
  75  6:25  Stimpack  
  78  6:32  SCV x2  
  80  6:34  Engineering Bay  
  80  6:37  Engineering Bay  
  80  6:42  Marine  
  80  6:43  Siege Tank  
  84  6:48  Viking  
  84  6:50  Viking  
  84  6:53  Barracks Reactor x2  
  88  6:57  Orbital Command  
  86  7:04  Marine  
  86  7:07  SCV  
  88  7:11  Terran Infantry Weapons Level 1  
  88  7:14  Terran Infantry Armor Level 1  
  88  7:15  Barracks  
  88  7:16  Barracks  
  90  7:25  Barracks  
  90  7:26  SCV x3, Supply Depot  
  92  7:31  Marine x2  
  92  7:32  Marine  
  95  7:39  Medivac x2  
  95  7:41  Siege Tank, Marine x2  
  100  7:45  Supply Depot  
  100  7:48  Supply Depot  
  100  7:49  Marine x3  
  103  7:59  Marine x2  
  103  8:03  Barracks Reactor x2  
  103  8:04  Combat Shield  
  105  8:07  Marine x3  
  105  8:08  Supply Depot  
  104  8:14  Medivac  
  104  8:16  Marine  
  104  8:17  Barracks Reactor  
  104  8:18  SCV x2  
  109  8:20  Marine  
  109  8:24  Marine  
  109  8:26  Marine x2  
  112  8:28  Supply Depot  
  112  8:29  Medivac  
  115  8:34  Marine  
  115  8:38  Marine  
  115  8:39  Marine x3  
  115  8:40  Marine  
  121  8:42  Marine  
  121  8:44  Medivac, Marine x2  
  121  8:47  Orbital Command, Supply Depot  
  126  8:50  Armory  
  126  8:52  Marine  
  126  8:55  Marine x2  
  128  8:56  Marine  
  128  8:57  Marine x3  
  130  9:04  Marine x4  
  130  9:06  Supply Depot  
  134  9:10  Marine  
  134  9:13  Marine x3  
  134  9:15  Medivac, SCV  
  134  9:16  SCV  
  125  9:22  Marine  
  125  9:23  Marine  
  121  9:26  SCV  
  121  9:28  Marine x4, SCV  
  125  9:34  Siege Tank  
  125  9:37  Marine x2  
  129  9:47  Terran Infantry Weapons Level 2, Terran Infantry Armor Level 2  
  129  9:55  Medivac, Marine  
  129  9:58  Marine  
  117  10:09  Marine x2  
  117  10:10  Medivac  
  121  10:20  Siege Tank  
  115  10:24  Marine  
  116  10:30  Marine x2  
  116  10:31  Marine  
  114  10:35  Marine  
  114  10:36  Marine x6  
  114  10:42  Marine  
  121  10:48  Marine x3  
  125  10:53  Marine x3  
  128  10:57  Orbital Command, Supply Depot  
  128  10:59  Medivac  
  130  11:04  Medivac  
  130  11:11  Marine  
  131  11:21  Orbital Command  
  131  11:24  Marine  
  112  11:26  Marine  
  112  11:32  Marine  
  112  11:42  Orbital Command  
  108  11:51  Marine  
  108  11:52  Siege Tank, Marine x2  
  90  12:00  Marine x4  
  74  12:02  Marine  
Show
View Real Time Build Order
Export as new Build Order

Clem Terran - Winner!

Build Orders:  

Get SALT Encoding   

  12  0:00  SCV  
  13  0:12  SCV  
  14  0:16  Supply Depot  
  14  0:24  SCV  
  15  0:38  SCV  
  15  0:39  Barracks  
  16  0:43  Refinery  
  16  0:50  SCV  
  16  0:52  Refinery  
  17  1:02  SCV  
  18  1:14  SCV  
  19  1:26  Barracks Reactor, Orbital Command  
  19  1:28  Supply Depot  
  19  1:40  Factory  
  19  1:52  SCV  
  20  2:02  Reaper x2  
  20  2:04  SCV  
  23  2:16  SCV  
  24  2:23  Hellion  
  26  2:30  Command Center  
  26  2:34  Reaper x2  
  28  2:38  Supply Depot  
  28  2:45  Hellion  
  28  2:47  SCV  
  31  2:56  Starport  
  31  3:00  SCV  
  32  3:06  Hellion  
  32  3:07  Reaper  
  32  3:10  Reaper  
  37  3:12  SCV  
  37  3:18  Supply Depot  
  37  3:25  SCV  
  38  3:30  Factory Tech Lab  
  38  3:36  Starport Tech Lab  
  38  3:38  SCV  
  38  3:40  Refinery  
  38  3:41  Supply Depot  
  39  3:42  Marine  
  39  3:47  Orbital Command  
  40  3:51  SCV  
  40  3:54  Raven  
  43  4:03  SCV  
  43  4:09  Siege Tank, Marine  
  47  4:11  Marine  
  47  4:14  SCV  
  47  4:16  SCV  
  45  4:26  SCV  
  45  4:27  Marine  
  45  4:28  Marine, SCV  
  49  4:31  Raven  
  51  4:38  SCV  
  51  4:40  SCV  
  51  4:41  Cyclone  
  51  4:45  Supply Depot  
  56  4:46  Marine x2  
  56  4:50  SCV  
  56  4:52  SCV  
  60  5:00  Supply Depot  
  60  5:03  SCV  
  60  5:04  SCV  
  62  5:13  Siege Tank  
  65  5:15  SCV  
  65  5:20  Viking x2, SCV  
  72  5:26  Stimpack  
  72  5:27  SCV, Supply Depot  
  72  5:37  Command Center, SCV  
  72  5:39  SCV  
  74  5:43  Marine  
  74  5:48  Supply Depot  
  74  5:49  Siege Tank  
  79  5:50  SCV  
  79  5:51  SCV  
  79  5:54  Viking  
  82  5:58  Viking  
  82  6:02  Refinery, SCV  
  82  6:04  Marine  
  85  6:07  SCV  
  87  6:12  Supply Depot  
  87  6:15  Barracks  
  87  6:17  Barracks  
  87  6:21  Siege Tank  
  87  6:24  Marine  
  87  6:25  SCV x2  
  93  6:26  Viking  
  93  6:31  Viking  
  97  6:34  Supply Depot  
  97  6:38  SCV x2  
  99  6:44  Marine  
  100  6:51  SCV  
  100  6:53  SCV, Engineering Bay  
  102  6:55  Siege Tank, Engineering Bay  
  102  7:00  Viking  
  107  7:03  Supply Depot  
  107  7:04  SCV  
  107  7:08  Barracks Reactor x2, Marine  
  108  7:13  Combat Shield, Supply Depot  
  109  7:16  SCV  
  109  7:20  Orbital Command  
  110  7:26  Marine  
  110  7:27  Viking  
  110  7:28  SCV  
  114  7:31  Viking  
  114  7:32  SCV  
  117  7:40  Siege Tank  
  121  7:44  Marine, SCV  
  121  7:47  Barracks, Marine x2  
  121  7:48  Barracks  
  121  7:49  Marine  
  125  7:55  SCV x2  
  125  7:56  SCV  
  125  7:57  Marine  
  129  7:58  Supply Depot  
  129  8:01  Supply Depot  
  129  8:08  Marine  
  129  8:11  Marine  
  129  8:12  Marine  
  132  8:13  Siege Tank, Viking  
  132  8:14  Viking, SCV  
  132  8:19  Refinery  
  139  8:20  Refinery  
  139  8:23  Supply Depot  
  139  8:25  Missile Turret  
  138  8:30  Marine  
  138  8:31  Marine, Supply Depot  
  138  8:34  Marine  
  141  8:36  Marine  
  142  8:41  SCV  
  142  8:43  SCV x2  
  142  8:44  Sensor Tower  
  142  8:45  Barracks Reactor x2  
  142  8:46  Marine  
  145  8:50  Siege Tank  
  145  8:54  Marine x2  
  145  8:55  Marine  
  153  8:58  Medivac  
  153  9:00  Medivac  
  155  9:02  Marine  
  155  9:07  Engineering Bay  
  147  9:11  SCV  
  147  9:12  Marine  
  147  9:13  SCV  
  147  9:16  SCV  
  143  9:18  Marine  
  143  9:20  Marine  
  143  9:21  Marine  
  143  9:22  Marine  
  143  9:23  Marine, SCV  
  146  9:24  Siege Tank  
  146  9:26  Marine  
  146  9:30  Engineering Bay  
  148  9:31  SCV  
  148  9:37  Marine x3  
  152  9:39  Medivac  
  152  9:45  Marine, Supply Depot  
  153  9:51  Medivac  
  155  9:53  Marine  
  155  9:56  Siege Tank  
  155  9:59  Orbital Command  
  158  10:00  SCV x2  
  160  10:09  Liberator  
  160  10:12  SCV  
  163  10:14  Marine  
  163  10:16  Marine  
  163  10:20  Liberator  
  166  10:23  Marine  
  166  10:28  Marine  
  166  10:30  Marine  
  166  10:33  Marine  
  166  10:34  Orbital Command  
  172  10:35  Siege Tank  
  172  10:40  Supply Depot  
  172  10:46  Marine, SCV x2  
  172  10:47  Marine  
  172  10:48  Marine x2  
  178  10:52  Liberator  
  181  11:01  Marine x5  
  181  11:02  SCV  
  187  11:04  SCV  
  187  11:06  Marine  
  189  11:12  Supply Depot  
  189  11:21  Marine x2  
  189  11:23  Siege Tank  
  189  11:24  Marine x2  
  189  11:30  Marine  
  189  11:32  Marine  
  189  11:33  Marine x3  
  189  11:38  Marine x2  
  189  11:42  Marine x2  
  180  11:48  Marine  
  180  11:49  Medivac, Marine  
  180  11:51  Marine x3  
  180  11:53  Orbital Command  
  171  11:56  Marine x2  
  171  12:00  Marine x2  
  175  12:05  Refinery  
  175  12:07  Refinery  
  175  12:09  Refinery  
  152  12:20  Armory  
Tags
 
Add a new tag
Caveats
  • Supply blocks, unpowered buildings, or Contaminate may cause inaccurate times.
  • Supply counts are checked every 10 seconds.